 Dungeon Crawl Stone Soup version 0.25-a0-578-gc91f01c39c (console) character file.

Game seed: 13960283652770616336, levelgen mode: deterministic

8295 utis the Nimble (level 11, -17/69 HPs)
             Began as a Tengu Summoner on Mar 5, 2020.
             Killed from afar by a fire dragon (46 damage)
             ... with a blast of flame
             ... on level 10 of the Dungeon.
             The game lasted 00:37:40 (15731 turns).

utis the Nimble (Tengu Summoner)                   Turns: 15731, Time: 00:37:41

Health: -17/69     AC: 13    Str: 12    XL:     11   Next: 28%
Magic:  6/19       EV: 19    Int: 16    God:
Gold:   467        SH:  0    Dex: 14    Spells: 6/20 levels left

rFire    . . .     SeeInvis +   a - +3 short sword (drain)
rCold    . . .     Gourm    +   (no shield)
rNeg     . . .     Faith    .   u - +1 ring mail
rPois    .         Spirit   .   G - +2 hat
rElec    .         Reflect  .   E - +2 cloak {MR+}
rCorr    .         Harm     .   l - +1 pair of gloves
MR       ++...                  (boots unavailable)
Stlth    +.........             D - amulet of the gourmand
HPRegen  0.21/turn              M - ring of protection from magic
MPRegen  0.16/turn              v - ring of see invisible

@: flying quickly and evasively, quick
A: beak, talons 3, able to fly
a: Stop Flying


You were on level 10 of the Dungeon.
You were full.

You visited 1 branch of the dungeon, and saw 10 of its levels.

You collected 467 gold pieces.

Inventory:

Hand Weapons
 a - a +3 short sword of draining (weapon)
 b - a +0 dagger
 m - a +0 whip
 q - a +0 club
 y - a +0 flail of protection
 A - a +0 hunting sling
 C - a +1 great sword of draining
 K - a +2 whip of electrocution
Missiles
 d - 369 stones (quivered)
 k - 18 poisoned darts
Armour
 g - a +0 leather armour
 h - a +0 robe
 l - a +1 pair of gloves (worn)
 u - a +1 ring mail (worn)
 E - a +2 cloak of magic resistance (worn)
 F - a cursed +0 pair of gloves
 G - a +2 hat (worn)
Magical Staves
 w - an uncursed staff of wizardry {!a}
Jewellery
 v - a ring of see invisible (right hand)
 B - an uncursed amulet of rage
 D - an amulet of the gourmand (around neck)
 H - an uncursed amulet of faith {!P}
 M - a ring of protection from magic (left hand)
 N - an uncursed ring of positive energy
 S - a +4 ring of strength
Wands
 j - a wand of iceblast (5)
 r - a wand of paralysis (19)
 P - a wand of acid (7)
 Q - a wand of polymorph (7)
Scrolls
 f - 6 scrolls of teleportation {@r4}
 i - 4 scrolls of amnesia
 o - 8 scrolls of remove curse {@r2}
 I - a scroll of fog
 R - a scroll of brand weapon {unknown}
 U - a scroll of blinking {unknown}
Potions
 e - 4 potions of curing {@q1}
 n - a potion of ambrosia
 p - 2 potions of heal wounds {@q2}
 s - a potion of haste {@q3}
 t - a potion of lignification
 J - 2 potions of magic
 O - a potion of cancellation
Comestibles
 c - 16 rations {@e1}


   Skills:
 * Level 8.7 Fighting
 - Level 2.0 Short Blades
 + Level 1.2 Armour
 + Level 9.6 Dodging
 - Level 2.0 Stealth
 - Level 5.2 Spellcasting
 * Level 9.5 Summonings
 + Level 3.5 Ice Magic
 - Level 6.0 Air Magic
 - Level 5.0 Evocations


You had 6 spell levels left.
You knew the following spells:

 Your Spells              Type           Power        Failure   Level  Hunger
b - Summon Ice Beast      Ice/Summ       ####....     24%         4    ####...
f - Call Canine Familiar  Summ           ####....     1%          3    ###....
p - Call Imp              Summ           ####....     1%          2    #......
t - Summon Lightning Spi  Summ/Air       ####....     14%         4    ####...
z - Summon Small Mammal   Summ           ####         1%          1    None

Your spell library contained the following spells:

 Spells                   Type           Power        Failure   Level  Hunger
 Summon Butterflies       Summ           ####....     1%          1    None
 Summon Guardian Golem    Hex/Summ       ###.....     14%         3    ###....
 Animate Skeleton         Necr           N/A          34%         1    None
 Apportation              Tloc           #.....       34%         1    None
 Beastly Appendage        Tmut           #.....       34%         1    None
 Corona                   Hex            #......      34%         1    None
 Sticks to Snakes         Tmut           #.......     45%         2    #......
 Spectral Weapon          Hex/Chrm       #.......     71%         3    ###....
 Spider Form              Tmut/Pois      #.........   71%         3    ###....
 Ice Form                 Ice/Tmut       #.......     86%         4    ####...
 Blade Hands              Tmut           #.........   100%        5    ######.
 Hydra Form               Tmut           #.........   100%        6    #######
 Invisibility             Hex            #.......     100%        6    #######
 Malign Gateway           Summ/Tloc      ###.......   100%        7    #######
 Discord                  Hex            #.........   100%        8    #######
 Disjunction              Tloc           #.........   100%        8    #######


Dungeon Overview and Level Annotations

Branches:
Dungeon (10/15)            Temple (0/1) D:7            Lair (0/6) D:8
    Orc: D:9-12

Altars:
Dithmenos
Fedhas
Kikubaaqudgha
Makhleb
Okawaru
Ru
Wu Jian
Yredelemnul
The Shining One

Annotations:
D:4 3 runed translucent doors, Flugslaktarn's ghost, novice DDFi
D:7 3 runed translucent doors, Tux's ghost, novice GnWn; Wiebster667's ghost, novice HOFi


Innate Abilities, Weirdness & Mutations

You have a beak for a mouth.
You have claws for feet.
You can fly continuously.


Message History

Your lightning spire shoots out a bolt of lightning at the fire dragon!
The bolt of electricity hits the fire dragon!
Something bites your ice beast. Something claws your ice beast.
Something barely misses your ice beast.
Your ice beast disappears in a puff of smoke!
Your ice beast hits the fire dragon but does no damage.
The fire dragon bites your ice beast!
Your ice beast dies!
The fire dragon roars deafeningly!
Casting: Summon Ice Beast (slightly dangerous; 24% risk of failure)
Confirm with . or Enter, or press ? or * to list all spells.
A chill wind blows around you.
* * * LOW MAGIC WARNING * * *
The fire dragon breathes flames at you.
The blast of flame hits your ice beast!!!
Your ice beast melts!
Your ice beast dies!
The blast of flame hits you!!!
Ouch! That really hurt!
You die...

....░.░.░░.......░░░░
░░.░░.░.░░..░░░..░
...░░.░.░░..░░░..░
▒..░░.░..........░
▒..░░.░░░░.......░
▒................░░░░░░
▒...░.░░░░.░░░░░.░....░
▒........░.░ ░.░.░░.░
▒......░.░.░ ░Q░.░░.░
▒......░.░.░ ░.░.░░.░
▒......░.░.░ ░.░.░░.░
▒......░.░.░░░░░.░.░░.░
▒......░.░.......D....░
▒.........░░░░░░.░.░░░░
▒...........░ ░.░D░
▒...........░ ░.░.░
▒...[..♣..D.░ ░.░D░


You could see a fire dragon.

Vanquished Creatures
  3 two-headed ogres
  A wizard (D:10)
  An ugly thing (D:10)
  A deep elf mage (D:10)
  Maurice (D:9)
  A yaktaur (D:10)
  A troll (D:10)
  A hippogriff (D:8)
  A spriggan (D:8)
  A basilisk (D:10)
  A warg (D:7)
  A black bear (D:9)
  An ice beast (D:8)
  2 orc warriors (D:10)
  2 phantoms
  3 ogres
  A centaur (D:8)
  A big kobold (D:6)
  2 bullfrogs
  A scorpion (D:10)
  2 wights
  4 howler monkeys
  2 crimson imps (D:7)
  A quasit (D:8)
  2 hounds (D:10)
  3 jellies
  3 orc priests (D:8)
  7 orc wizards
  2 bullfrog skeletons
  5 worker ants
  4 iguanas
  A howler monkey skeleton (D:5)
  8 gnolls
  9 adders
  3 shadow imps
  An ooze (D:3)
  A dart slug (D:2)
  A leopard gecko (D:8)
  24 orcs
  7 giant cockroaches
  6 goblins
  2 hobgoblins
  7 jackals
  14 kobolds
  4 quokkas
  9 bats
  6 frilled lizards
  A jackal skeleton (D:4)
  A leopard gecko skeleton (D:10)
  2 leopard gecko zombies
  8 rats
177 creatures vanquished.

Vanquished Creatures (collateral kills)
  2 wizards (D:10)
  An eye of devastation (shapeshifter) (D:10)
  A gargoyle (D:10)
  Grinder (D:6)
  A centaur simulacrum (D:10)
  A vampire mosquito (D:10)
  A warg (D:8)
  An orc warrior (D:8)
  An ice beast (D:5)
  A necrophage (D:9)
  2 ogres
  A centaur (D:9)
  2 bullfrogs
  7 wights
  A crimson imp (D:8)
  2 quasits
  Crazy Yiuf (D:7)
  An orc wizard (D:10)
  Natasha (twice) (D:2)
  2 adders (D:2)
  2 worms (D:3)
  An orc (D:8)
  2 bats (D:2)
  A hobgoblin (D:3)
  2 jackals (D:1)
  A kobold (D:1)
  A goblin (D:3)
42 creatures vanquished.

Vanquished Creatures (others)
  2 withered plants (D:7)
2 creatures vanquished.

Grand Total: 221 creatures vanquished

Notes
Turn   | Place    | Note
-------+----------+-------------------------------------------
     0 | D:1      | utis the Tengu Summoner began the quest for the Orb.
     0 | D:1      | Reached XP level 1. HP: 10/10 MP: 4/4
   367 | D:1      | Reached skill level 5 in Summonings
   372 | D:1      | Reached XP level 2. HP: 11/16 MP: 1/6
   545 | D:1      | Learned a level 2 spell: Call Imp
   914 | D:1      | Reached skill level 1 in Fighting
  1471 | D:1      | Reached XP level 3. HP: 20/20 MP: 7/7
  1922 | D:2      | Learned a level 3 spell: Call Canine Familiar
  2093 | D:2      | Noticed Natasha
  2110 | D:2      | Killed Natasha
  2110 | D:2      | Reached XP level 4. HP: 26/26 MP: 4/8
  2592 | D:2      | Noticed Natasha
  2609 | D:2      | Killed Natasha
  2808 | D:3      | Found a faded altar of an unknown god.
  3298 | D:3      | Found an ancient bone altar of Kikubaaqudgha.
  4009 | D:3      | Gained mutation: You can fly continuously. [Tengu growth]
  4009 | D:3      | Reached XP level 5. HP: 31/31 MP: 9/9
  4790 | D:4      | Found a runed translucent gate.
  4790 | D:4      | Found a runed translucent gate.
  4790 | D:4      | Found a runed translucent gate.
  4793 | D:4      | Noticed Flugslaktarn's ghost (novice DDFi)
  4882 | D:4      | Found an iron altar of Okawaru.
  4995 | D:4      | Reached XP level 6. HP: 27/36 MP: 9/11
  5075 | D:4      | Learned a level 4 spell: Summon Lightning Spire
  5918 | D:4      | Found an iron altar of Okawaru.
  5962 | D:4      | Found a runed translucent gate.
  5962 | D:4      | Found a runed translucent gate.
  5962 | D:4      | Found a runed translucent gate.
  6443 | D:5      | Entered Level 5 of the Dungeon
  6486 | D:5      | Reached skill level 1 in Short Blades
  7288 | D:5      | Noticed an ice beast
  7324 | D:5      | Killed an ice beast
  7324 | D:5      | Reached XP level 7. HP: 41/41 MP: 3/12
  7747 | D:6      | Reached skill level 5 in Dodging
  7789 | D:6      | Found a shadowy altar of Dithmenos.
  7875 | D:6      | Noticed Grinder
  7883 | D:6      | Paralysed by Grinder for 4 turns
  7953 | D:5      | Reached skill level 1 in Air Magic
  8308 | D:6      | Found a blossoming altar of Fedhas.
  8409 | D:6      | Killed Grinder
  8409 | D:6      | Reached XP level 8. HP: 38/48 MP: 4/13
  8860 | D:7      | Found a glowing golden altar of the Shining One.
  9084 | D:7      | Found a staircase to the Ecumenical Temple.
  9364 | D:7      | Found a runed translucent door.
  9365 | D:7      | Noticed Crazy Yiuf
  9388 | D:7      | Found a runed translucent gate.
  9389 | D:7      | Found a runed translucent gate.
  9390 | D:7      | Found a runed translucent gate.
  9391 | D:7      | Noticed Wiebster667's ghost (novice HOFi)
  9391 | D:7      | Noticed Tux's ghost (novice GnWn)
  9443 | D:7      | Found a burning altar of Makhleb.
  9507 | D:7      | Reached skill level 5 in Air Magic
  9736 | D:7      | Found a basalt altar of Yredelemnul.
  9858 | D:7      | nice
  9890 | D:7      | Killed Crazy Yiuf
 10280 | D:8      | Reached skill level 5 in Fighting
 10284 | D:8      | Reached XP level 9. HP: 54/54 MP: 6/14
 10782 | D:8      | Found a staircase to the Lair.
 10996 | D:8      | Noticed a two-headed ogre
 11030 | D:8      | Killed a two-headed ogre
 11683 | D:8      | Noticed a two-headed ogre
 11723 | D:8      | Killed a two-headed ogre
 11723 | D:8      | Reached XP level 10. HP: 53/64 MP: 3/15
 12365 | D:9      | Noticed Maurice
 12390 | D:9      | Killed Maurice
 12485 | D:9      | Found an ornate altar of the Wu Jian Council.
 13114 | D:9      | Found a sacrificial altar of Ru.
 13187 | D:10     | Entered Level 10 of the Dungeon
 13216 | D:10     | Reached skill level 1 in Evocations
 13580 | D:10     | Noticed a deep elf mage
 13614 | D:10     | Killed a deep elf mage
 13780 | D:10     | Noticed a brown ugly thing
 13790 | D:10     | Noticed a faun
 13803 | D:10     | Killed a brown ugly thing
 13805 | D:10     | Noticed an eye of devastation
 13805 | D:10     | a faun changed into an eye of devastation
 13810 | D:10     | Killed an eye of devastation
 13810 | D:10     | Reached skill level 5 in Evocations
 13964 | D:10     | Noticed a gargoyle
 13975 | D:10     | Killed a gargoyle
 14069 | D:10     | Learned a level 4 spell: Summon Ice Beast
 14158 | D:10     | Noticed a two-headed ogre
 14170 | D:10     | Killed a two-headed ogre
 14238 | D:10     | Reached XP level 11. HP: 31/69 MP: 16/18
 14262 | D:10     | Noticed a cyclops
 14493 | D:10     | Noticed a wizard
 14511 | D:10     | Killed a wizard
 14512 | D:10     | Noticed a wizard
 14525 | D:10     | Killed a wizard
 14525 | D:10     | Reached skill level 5 in Spellcasting
 14588 | D:10     | Noticed a deep elf mage
 14717 | D:10     | Identified the Tome of Axaxaxas mlö
 14724 | D:10     | Identified Ts'ui Pên's Papyrus of Forking Paths
 14882 | D:10     | Identified Yggakaa's Handbook of Dhcmrlchtdj
 14950 | D:10     | Reached skill level 1 in Armour
 15017 | D:10     | Noticed a wizard
 15255 | D:10     | Killed a wizard
 15440 | D:10     | Noticed a fire dragon
 15731 | D:10     | Killed from afar by a fire dragon

Levels and vault maps discovered:
D:1:      lightli_arrival_isolated_outpost, layout_basic, minmay_misc_feat_doors
D:2:      layout_loops_cross, uniq_natasha
D:3:      layout_basic, old_standard_altar,
          chequers_ecumenical_altar_simple_redux
D:4:      layout_loops_corners, gammafunk_ghost_nasty_kobolds,
          minmay_misc_feat_ornament, okawaru_gym_becter
D:5:      layout_basic, first_ration
D:6:      layout_loops_ring, fedhas_altar_3, nicolae_dithmenos_shadow_blocks,
          uniq_grinder
D:7:      layout_basic, lemuel_round_altar, kennysheep_mini,
          minmay_temple_entry_ruins, basic_altar, gammafunk_ghost_cemetery,
          uniq_crazy_yiuf_cottage
D:8:      layout_loops_ring, erik_lair_orcish_takeover, the_bakery,
          minmay_misc_feat_five
D:9:      layout_stronghold, lemuel_coloured_pillars_altar,
          kennysheep_little_box, uniq_maurice
D:10:     minmay_the_grid_square_5x5_4x4 [minmay_the_grid_square_5x5_n_small,
          minmay_the_grid_square_5x5_inner_z,
          minmay_the_grid_square_5x5_minimal, minmay_the_grid_square_5x5_slash,
          minmay_the_grid_square_5x5_trominoes,
          minmay_the_grid_square_5x5_prize_waves,
          minmay_the_grid_square_5x5_prize_gold,
          minmay_the_grid_square_5x5_detours,
          minmay_the_grid_square_5x5_broken_cross,
          minmay_the_grid_square_5x5_prize_pseudospiral,
          minmay_the_grid_square_5x5_prize_itemx,
          minmay_the_grid_square_5x5_intrusive_squares,
          minmay_the_grid_square_5x5_fat_x, minmay_the_grid_square_5x5_comb,
          minmay_the_grid_square_5x5_shrine1, minmay_the_grid_square_5x5_eight],
          layout_basic, ebering_ghost_rock_garden, basic_altar, chequers_garden,
          bh_hangedman_babel_library

Skill      XL: |  1  2  3  4  5  6  7  8  9 10 11 |
---------------+----------------------------------+-----
Summonings     | 5 6 8 9 |  9.5
Fighting       | 1 2 3 4 5 7 8 |  8.7
Dodging        | 3 4 5 6 9 |  9.6
Spellcasting   | 3 4 5 |  5.2
Short Blades   | 1 2 |  2.0
Air Magic      | 3 6 |  6.0
Evocations     | 5 |  5.0
Ice Magic      | 2 3 |  3.5
Armour         | 1 |  1.2
Stealth        | |  2.0

Action                   |  1- 3 |  4- 6 |  7- 9 | 10-12 || total
-------------------------+-------+-------+-------+-------++-------
Melee: Dagger            |    80 |    26 |       |       ||   106
       Unarmed           |     4 |       |       |       ||     4
       Kick              |    18 |    35 |    67 |    78 ||   198
       Peck              |     7 |    24 |    46 |    47 ||   124
       Whip              |       |    22 |       |    14 ||    36
       Short sword       |       |   110 |   258 |   241 ||   609
       Flail             |       |       |     1 |       ||     1
Throw: Stone             |     9 |    21 |     7 |    10 ||    47
 Cast: Summon Small Mamm |     4 |       |       |       ||     4
       Call Imp          |     7 |    20 |    15 |     1 ||    43
       Call Canine Famil |       |     3 |     2 |     1 ||     6
       Summon Lightning  |       |       |    13 |    12 ||    25
       Summon Ice Beast  |       |       |       |     4 ||     4
 Abil: Fly               |       |     1 |       |       ||     1
  Use: Scroll            |     2 |     6 |     5 |     6 ||    19
       Potion            |       |     4 |       |     1 ||     5
 Stab: Sleeping          |     6 |     3 |       |       ||     9
       Distracted        |       |       |     1 |     1 ||     2
  Eat: Chunk             |     4 |    14 |    24 |    13 ||    55
       Ration            |       |     1 |     1 |       ||     2
Armor: Leather armour    |    15 |    14 |       |       ||    29
       Ring mail         |       |    20 |    80 |    66 ||   166
Dodge: Dodged            |    64 |   107 |   203 |   214 ||   588

Table legend:
 A = Non-vault XP
 B = Vault XP
 C = Vault XP percentage of total XP
 D = Non-vault monster count
 E = Vault monster count
 F = Vault count percentage of total count
                 A         B        C        D         E       F
            +---------+---------+-------+---------+---------+-------
      Total |    5898 |    5952 |  50.2 |     184 |      35 |  16.0
            +---------+---------+-------+---------+---------+-------
        D:1 |      40 |       0 |   0.0 |      27 |       0 |   0.0
        D:2 |      57 |      18 |  24.0 |      20 |       1 |   4.8
        D:3 |     107 |       0 |   0.0 |      20 |       0 |   0.0
        D:4 |     201 |       0 |   0.0 |      17 |       0 |   0.0
        D:5 |     360 |       0 |   0.0 |      10 |       0 |   0.0
        D:6 |     297 |     196 |  39.8 |      13 |       1 |   7.1
        D:7 |     589 |     236 |  28.6 |      17 |       4 |  19.0
        D:8 |    2471 |     563 |  18.6 |      32 |       8 |  20.0
        D:9 |     521 |     478 |  47.8 |      11 |       1 |   8.3
       D:10 |    1255 |    4461 |  78.0 |      17 |      20 |  54.1
            +---------+---------+-------+---------+---------+-------
